| TOP OF THE 1ST |
|
Clemson University Tigers batting - Pitching for Washington State University Cougars : RHP Danny Clarke
|
|
Pitching: RHP Danny Clarke
|
|
|
Batting: RHB Ken Manser
|
0-0: Ball 1-0: Foul Ball, location: 2F 1-1: Fly out, F7 (Flyball, 7S, EV 86.9 MPH)
|
|
Batting: RHB Carlos Gonzalez
|
0-0: Swinging Strike 0-1: Ball 1-1: Swinging Strike 1-2: Ground out U3 (Groundball, 3, EV 76.3 MPH)
|
|
Batting: LHB Jamie Spangenberg
|
0-0: Ball 1-0: Called Strike 1-1: Ball 2-1: Ball 3-1: Base on Balls
|
|
Batting: RHB Dave Pizarro
|
0-0: Called Strike 0-1: Fly out, F9 (Flyball, 89D, EV 83.1 MPH)
|
| Top of the 1st over - 0 runs, 0 hits, 0 errors, 1 left on base; Clemson University 0 - Washington State University 0 |
| BOTTOM OF THE 1ST |
|
Washington State University Cougars batting - Pitching for Clemson University Tigers : RHP Wes Reynolds
|
|
Pitching: RHP Wes Reynolds
|
|
|
Batting: RHB Gebre-Giorgios Wangondu
|
0-0: Ball 1-0: Fly out, F8 (Line Drive, 8RD, EV 108.1 MPH)
|
|
Batting: RHB Alex Arzate
|
0-0: Foul Ball, location: 2F 0-1: Ball 1-1: Ball 2-1: Foul Ball, location: 2F 2-2: Ball 3-2: Strikes out swinging
|
|
Batting: SHB Salvador Padilla
|
0-0: Foul Ball, location: 2F 0-1: Ground out 2-3 (Groundball, 15S, EV 73.1 MPH)
|
| Bottom of the 1st over - 0 runs, 0 hits, 0 errors, 0 left on base; Clemson University 0 - Washington State University 0 |
| TOP OF THE 2ND |
|
Clemson University Tigers batting - Pitching for Washington State University Cougars : RHP Danny Clarke
|
|
Batting: RHB Jaime Rios
|
0-0: Ball 1-0: Ball 2-0: Foul Ball, location: 2F 2-1: Fly out, F7 (Line Drive, 7, EV 110.0 MPH)
|
|
Batting: SHB Ronnie Brooks
|
0-0: Ball 1-0: SINGLE (Groundball, 34D, EV 98.1 MPH)
|
|
Batting: RHB Ryan Starks
|
0-0: Foul Ball, location: 2F 0-1: Swinging Strike 0-2: Ball 1-2: Foul Ball, location: 2F 1-2: Fly out, F2 (Popup, 23F, EV 80.6 MPH)
|
|
Batting: LHB Pat Fontana
|
0-0: Foul Ball, location: 2F 0-1: Ball 1-1: Foul Ball, location: 2F 1-2: Ground out 6-3 (Groundball, 4MS, EV 81.3 MPH)
|
| Top of the 2nd over - 0 runs, 1 hit, 0 errors, 1 left on base; Clemson University 0 - Washington State University 0 |
| BOTTOM OF THE 2ND |
|
Washington State University Cougars batting - Pitching for Clemson University Tigers : RHP Wes Reynolds
|
|
Batting: LHB Josh Aerni
|
0-0: Called Strike 0-1: Ball 1-1: Foul Ball, location: 2F 1-2: Foul Ball, location: 2F 1-2: Ball 2-2: Ball 3-2: Fly out, F6 (Popup, 6, EV 69.4 MPH)
|
|
Batting: RHB Larry Martell
|
0-0: Foul Ball, location: 2F 0-1: Ball 1-1: Foul Ball, location: 2F 1-2: Foul Ball, location: 2F 1-2: Strikes out swinging
|
|
Batting: RHB David Martin
|
0-0: Ball 1-0: Fly out, F8 (Line Drive, 8LD, EV 88.8 MPH)
|
| Bottom of the 2nd over - 0 runs, 0 hits, 0 errors, 0 left on base; Clemson University 0 - Washington State University 0 |
| TOP OF THE 3RD |
|
Clemson University Tigers batting - Pitching for Washington State University Cougars : RHP Danny Clarke
|
|
Batting: LHB Ivan Castillo
|
0-0: Bunt for hit to 5S - play at first, batter OUT! 5-3
|
|
Batting: RHB Ken Manser
|
0-0: Ball 1-0: Ball 2-0: Ball 3-0: Called Strike 3-1: Foul Ball, location: 2F 3-2: Base on Balls
|
|
Batting: RHB Carlos Gonzalez
|
0-0: Ball 1-0: 2-RUN HOME RUN (Flyball, 9D, EV 99.4 MPH), Distance : 386 ft
|
|
Batting: LHB Jamie Spangenberg
|
0-0: Ball 1-0: Swinging Strike 1-1: Foul Ball, location: 2F 1-2: Strikes out swinging
|
|
Batting: RHB Dave Pizarro
|
0-0: Swinging Strike 0-1: Foul Ball, location: 2F 0-2: Ball 1-2: Foul Ball, location: 2F 1-2: Ball 2-2: SINGLE (Line Drive, 8RS, EV 94.4 MPH)
|
|
Batting: RHB Jaime Rios
|
0-0: Ball 1-0: Ball 2-0: Called Strike 2-1: Fly out, F8 (Flyball, 8RM, EV 97.5 MPH)
|
| Top of the 3rd over - 2 runs, 2 hits, 0 errors, 1 left on base; Clemson University 2 - Washington State University 0 |
| BOTTOM OF THE 3RD |
|
Washington State University Cougars batting - Pitching for Clemson University Tigers : RHP Wes Reynolds
|
|
Batting: RHB Alex Koral
|
0-0: Called Strike 0-1: Ball 1-1: Ground out U3 (Groundball, 3L, EV 82.5 MPH)
|
|
Batting: RHB Johnny Lowe
|
0-0: Foul Ball, location: 2F 0-1: SINGLE (Line Drive, 4D, EV 96.3 MPH)
|
|
Batting: LHB Mike East
|
0-0: Ball 1-0: Fielders Choice at 2nd, 2-6 (Groundball, 2R, EV 67.5 MPH)
|
|
Batting: RHB Gebre-Giorgios Wangondu
|
0-0: Fly out, F8 (Flyball, 8LS, EV 83.8 MPH)
|
| Bottom of the 3rd over - 0 runs, 1 hit, 0 errors, 1 left on base; Clemson University 2 - Washington State University 0 |
| TOP OF THE 4TH |
|
Clemson University Tigers batting - Pitching for Washington State University Cougars : RHP Danny Clarke
|
|
Batting: SHB Ronnie Brooks
|
0-0: Ball 1-0: Ball 2-0: Called Strike 2-1: Called Strike 2-2: Foul Ball, location: 2F 2-2: Foul Ball, location: 2F 2-2: Ground out U3 (Groundball, 34S, EV 80.0 MPH)
|
|
Batting: RHB Ryan Starks
|
0-0: Ball 1-0: SINGLE (Groundball, 3D, EV 103.8 MPH)
|
|
Batting: LHB Pat Fontana
|
0-0: Fielders Choice at 2nd, 3-6 (Groundball, 34S, EV 90.0 MPH)
|
|
Batting: LHB Ivan Castillo
|
0-0: Ball Pat Fontana is caught stealing 2nd base 2-6
|
| Top of the 4th over - 0 runs, 1 hit, 0 errors, 0 left on base; Clemson University 2 - Washington State University 0 |
| BOTTOM OF THE 4TH |
|
Washington State University Cougars batting - Pitching for Clemson University Tigers : RHP Wes Reynolds
|
|
Batting: RHB Alex Arzate
|
0-0: Ball 1-0: Swinging Strike 1-1: Swinging Strike 1-2: Strikes out swinging
|
|
Batting: SHB Salvador Padilla
|
0-0: Foul Ball, location: 2F 0-1: Called Strike 0-2: Foul Ball, location: 2F 0-2: Ball 1-2: Ball 2-2: Fly out, F7 (Line Drive, 7, EV 102.5 MPH)
|
|
Batting: LHB Josh Aerni
|
0-0: Called Strike 0-1: Ball 1-1: Ground out 4-3 (Groundball, 4, EV 103.1 MPH)
|
| Bottom of the 4th over - 0 runs, 0 hits, 0 errors, 0 left on base; Clemson University 2 - Washington State University 0 |
| TOP OF THE 5TH |
|
Clemson University Tigers batting - Pitching for Washington State University Cougars : RHP Danny Clarke
|
|
Batting: LHB Ivan Castillo
|
0-0: Ball 1-0: Ball 2-0: Called Strike 2-1: Foul Ball, location: 2F 2-2: Ball 3-2: Foul Ball, location: 2F 3-2: Strikes out swinging
|
|
Batting: RHB Ken Manser
|
0-0: Foul Ball, location: 2F 0-1: Ball 1-1: Called Strike 1-2: Ground out 3-1 (Groundball, 34S, EV 87.5 MPH)
|
|
Batting: RHB Carlos Gonzalez
|
0-0: Ball 1-0: Ball 2-0: Fly out, F8 (Line Drive, 8LD, EV 94.4 MPH)
|
| Top of the 5th over - 0 runs, 0 hits, 0 errors, 0 left on base; Clemson University 2 - Washington State University 0 |
| BOTTOM OF THE 5TH |
|
Washington State University Cougars batting - Pitching for Clemson University Tigers : RHP Wes Reynolds
|
|
Batting: RHB Larry Martell
|
0-0: Swinging Strike 0-1: Foul Ball, location: 2F 0-2: Ball 1-2: Foul Ball, location: 2F 1-2: DOUBLE (Groundball, 3L, EV 101.3 MPH)
|
|
Batting: RHB David Martin
|
0-0: Ball 1-0: Ball 2-0: Called Strike 2-1: Called Strike 2-2: Strikes out swinging
|
|
Batting: RHB Alex Koral
|
0-0: Ball 1-0: Ball 2-0: Called Strike 2-1: Ball Wild Pitch! Larry Martell to third 3-1: Base on Balls
|
|
Batting: RHB Johnny Lowe
|
0-0: Ball 1-0: Ball 2-0: Called Strike 2-1: Swinging Strike 2-2: Ball 3-2: Strikes out swinging Alex Koral is caught stealing 2nd base 2-4 Batter strikes out.
|
| Bottom of the 5th over - 0 runs, 1 hit, 0 errors, 1 left on base; Clemson University 2 - Washington State University 0 |
| TOP OF THE 6TH |
|
Clemson University Tigers batting - Pitching for Washington State University Cougars : RHP Danny Clarke
|
|
Pitching: RHP Ron Knowles
|
|
|
Batting: LHB Jamie Spangenberg
|
0-0: Ball 1-0: Called Strike 1-1: Swinging Strike 1-2: Fly out, F9 (Flyball, 89S, EV 74.4 MPH)
|
|
Batting: RHB Dave Pizarro
|
0-0: Foul Ball, location: 2F 0-1: Foul Ball, location: 2F 0-2: DOUBLE (Line Drive, 7LD, EV 109.4 MPH)
|
|
Batting: RHB Jaime Rios
|
0-0: Ball 1-0: Fly out, F8 (Flyball, 8LD, EV 85.6 MPH) Runner from 2nd tags up, SAFE at 3rd with throw by CF
|
|
Batting: SHB Ronnie Brooks
|
0-0: Ground out 4-3 (Groundball, 4, EV 85.6 MPH)
|
| Top of the 6th over - 0 runs, 1 hit, 0 errors, 1 left on base; Clemson University 2 - Washington State University 0 |
| BOTTOM OF THE 6TH |
|
Washington State University Cougars batting - Pitching for Clemson University Tigers : RHP Wes Reynolds
|
|
Batting: LHB Mike East
|
0-0: Ball 1-0: Ball 2-0: Ball 3-0: Called Strike 3-1: Foul Ball, location: 2F 3-2: SOLO HOME RUN (Line Drive, 9LD, EV 91.3 MPH), Distance : 353 ft
|
|
Batting: RHB Gebre-Giorgios Wangondu
|
0-0: Ball 1-0: Ball 2-0: Ball 3-0: Called Strike 3-1: Fly out, F8 (Flyball, 8LD, EV 86.3 MPH)
|
|
Batting: RHB Alex Arzate
|
0-0: SINGLE (Groundball, 6S, EV 70.0 MPH) (infield hit)
|
|
Batting: SHB Salvador Padilla
|
0-0: Called Strike 0-1: Called Strike 0-2: Strikes out looking Alex Arzate is caught stealing 2nd base 2-6 Batter strikes out.
|
| Bottom of the 6th over - 1 run, 2 hits, 0 errors, 0 left on base; Clemson University 2 - Washington State University 1 |
| TOP OF THE 7TH |
|
Clemson University Tigers batting - Pitching for Washington State University Cougars : RHP Ron Knowles
|
|
Pitching: RHP Jonathan Fritzinger
|
|
|
Batting: RHB Ryan Starks
|
0-0: Ball 1-0: Ball 2-0: Foul Ball, location: 2F 2-1: Foul Ball, location: 2F 2-2: Ball 3-2: Ground out 4-3 (Groundball, 4, EV 90.6 MPH)
|
|
Batting: LHB Pat Fontana
|
0-0: Called Strike 0-1: Swinging Strike 0-2: Strikes out looking
|
|
Batting: LHB Ivan Castillo
|
0-0: Ground out 5-3 (Groundball, 5, EV 105.6 MPH)
|
| Top of the 7th over - 0 runs, 0 hits, 0 errors, 0 left on base; Clemson University 2 - Washington State University 1 |
| BOTTOM OF THE 7TH |
|
Washington State University Cougars batting - Pitching for Clemson University Tigers : RHP Wes Reynolds
|
|
Pitching: LHP Alex Shannon
|
|
|
Batting: LHB Josh Aerni
|
0-0: Called Strike 0-1: SINGLE (Groundball, 34D, EV 98.1 MPH)
|
|
Pitching: RHP Josh Blaschke
|
|
|
Batting: RHB Larry Martell
|
0-0: Ball 1-0: Ball 2-0: Ball 3-0: Base on Balls Josh Aerni to second
|
|
Batting: RHB David Martin
|
0-0: Called Strike 0-1: Called Strike 0-2: Strikes out swinging
|
|
Batting: RHB Alex Koral
|
0-0: Called Strike 0-1: Called Strike 0-2: Ball 1-2: Ball 2-2: Strikes out swinging
|
|
Batting: RHB Johnny Lowe
|
0-0: Ball 1-0: Ball 2-0: Swinging Strike 2-1: Swinging Strike 2-2: Ball 3-2: Ground out 2-3 (Groundball, 2R, EV 70.6 MPH)
|
| Bottom of the 7th over - 0 runs, 1 hit, 0 errors, 2 left on base; Clemson University 2 - Washington State University 1 |
| TOP OF THE 8TH |
|
Clemson University Tigers batting - Pitching for Washington State University Cougars : RHP Jonathan Fritzinger
|
|
Batting: RHB Ken Manser
|
0-0: Foul Ball, location: 2F 0-1: Foul Ball, location: 2F 0-2: Ball 1-2: Ball 2-2: Fly out, F6 (Popup, 6MS, EV 69.4 MPH)
|
|
Batting: RHB Carlos Gonzalez
|
0-0: Ball 1-0: Ball 2-0: Foul Ball, location: 2F 2-1: Called Strike 2-2: Ground out 4-3 (Groundball, 4, EV 85.6 MPH)
|
|
Batting: LHB Jamie Spangenberg
|
0-0: Called Strike 0-1: SINGLE (Flyball, 8LS, EV 92.5 MPH)
|
|
Batting: RHB Dave Pizarro
|
0-0: Called Strike 0-1: Foul Ball, location: 2F 0-2: Strikes out swinging
|
| Top of the 8th over - 0 runs, 1 hit, 0 errors, 1 left on base; Clemson University 2 - Washington State University 1 |
| BOTTOM OF THE 8TH |
|
Washington State University Cougars batting - Pitching for Clemson University Tigers : RHP Josh Blaschke
|
|
Now in RF: Nick Martin
|
|
|
Batting: LHB Mike East
|
0-0: Called Strike 0-1: Ball 1-1: Swinging Strike 1-2: Strikes out swinging
|
|
Batting: RHB Gebre-Giorgios Wangondu
|
0-0: Swinging Strike 0-1: Called Strike 0-2: Ball 1-2: Ball 2-2: Ground out 4-3 (Groundball, 4, EV 103.8 MPH)
|
|
Pinch Hitting: RHB Makoto Narita
|
0-0: Called Strike 0-1: Ball 1-1: Fly out, F9 (Line Drive, 9S, EV 95.6 MPH)
|
| Bottom of the 8th over - 0 runs, 0 hits, 0 errors, 0 left on base; Clemson University 2 - Washington State University 1 |
| TOP OF THE 9TH |
|
Clemson University Tigers batting - Pitching for Washington State University Cougars : RHP Jonathan Fritzinger
|
|
Pitching: LHP Quadir Dade
|
|
|
Now at 3B: Makoto Narita
|
|
|
Now at SS: Alex Koral
|
|
|
Batting: RHB Jaime Rios
|
0-0: Swinging Strike 0-1: Ground out 5-3 (Groundball, 56S, EV 81.9 MPH)
|
|
Batting: SHB Ronnie Brooks
|
0-0: Ball 1-0: Ball 2-0: Called Strike 2-1: Ball 3-1: Fly out, F9 (Flyball, 9LM, EV 92.5 MPH)
|
|
Batting: RHB Ryan Starks
|
0-0: Ball 1-0: Foul Ball, location: 2F 1-1: Foul Ball, location: 2F 1-2: SINGLE (Groundball, 56D, EV 98.8 MPH)
|
|
Batting: LHB Pat Fontana
|
0-0: Fielders Choice at 2nd, 6-4 (Groundball, 56D, EV 104.4 MPH)
|
| Top of the 9th over - 0 runs, 1 hit, 0 errors, 1 left on base; Clemson University 2 - Washington State University 1 |
| BOTTOM OF THE 9TH |
|
Washington State University Cougars batting - Pitching for Clemson University Tigers : RHP Josh Blaschke
|
|
Pitching: LHP Jeff Briggs
|
|
|
Batting: SHB Salvador Padilla
|
0-0: Ball 1-0: Called Strike 1-1: Called Strike 1-2: SINGLE (Line Drive, 9LM, EV 105.0 MPH)
|
|
Batting: LHB Josh Aerni
|
0-0: Ball 1-0: Swinging Strike 1-1: Foul Ball, location: 2F 1-2: Foul Ball, location: 2F 1-2: Ball 2-2: Ball 3-2: Foul Ball, location: 2F 3-2: Foul Ball, location: 2F 3-2: Strikes out swinging
|
|
Batting: RHB Larry Martell
|
0-0: Ball 1-0: Ball 2-0: Ball 3-0: Base on Balls Salvador Padilla to second
|
|
Batting: RHB David Martin
|
0-0: Called Strike 0-1: Ball 1-1: Ball 2-1: Foul Ball, location: 2F 2-2: Fly out, F7 (Flyball, 7LS, EV 90.0 MPH)
|
|
Batting: RHB Alex Koral
|
0-0: Ball 1-0: Called Strike 1-1: Ball 2-1: Ball 3-1: Ground out 4-3 (Groundball, 4, EV 109.4 MPH)
|
| Bottom of the 9th over - 0 runs, 1 hit, 0 errors, 2 left on base; Clemson University 2 - Washington State University 1 |
|